 Dungeon Crawl Stone Soup version 0.28.0 (webtiles) character file.

Game seed: 7125959017302078378

2191 Acheron the Cudgeller (level 9, -2/62 (64) HPs)
             Began as a Human Arcane Marksman on Feb 17, 2022.
             Was a Believer of Nemelex Xobeh.
             Killed from afar by a deep elf pyromancer (43 damage)
             ... with a bolt of fire
             ... on level 7 of the Dungeon.
             The game lasted 00:43:12 (10116 turns).

Acheron the Cudgeller (Human Arcane Marksman)      Turns: 10116, Time: 00:43:28

HP:   -2/62 (64)    AC: 11    Str: 13    XL:     9   Next: 59%
MP:   13/13         EV: 11    Int: 13    God:    Nemelex Xobeh [**....]
Gold: 463           SH:  0    Dex: 22    Spells: 13/14 levels left

rFire   . . .      SeeInvis .   d - +5 flail
rCold   + . .      Faith    .   (no shield)
rNeg    . . .      Spirit   .   o - +3 scale mail {rC+}
rPois   .          Reflect  .   (no helmet)
rElec   .          Harm     .   i - +0 cloak
rCorr   .          Rampage  .   (no gloves)
Will    .....                   (no boots)
Stlth   +.........              (no amulet)
HPRegen 0.20/turn               s - +6 ring of dexterity
MPRegen 0.13/turn               (no ring)

@: on fire, glowing, studying Staves, lightly drained
A: no striking features
a: Renounce Religion, Draw Escape, Draw Destruction, Draw Summoning


You were on level 7 of the Dungeon.
You worshipped Nemelex Xobeh.
Nemelex Xobeh was pleased with you.
You visited 2 branches of the dungeon, and saw 10 of its levels.
You also visited: Bailey.

You collected 463 gold pieces.

Inventory:

Hand Weapons
 b - a +0 short sword of speed
 c - a +0 hand crossbow
 d - a +5 flail (weapon)
 f - a +2 whip of draining
 g - a +4 spear
 n - a +1 flail of draining
 u - a +1 hand axe of electrocution
 y - a +0 war axe
Missiles
 a - 96 bolts
 k - 5 poisoned darts (quivered)
 v - 9 boomerangs
Armour
 i - a +0 cloak (worn)
 o - a +3 scale mail of cold resistance (worn)
Jewellery
 s - a +6 ring of dexterity (left hand)
Wands
 h - a wand of mindburst (10)
 j - a wand of charming (13)
 m - a wand of iceblast (21)
 p - a wand of digging (4)
 q - a wand of flame (12)
 z - a wand of paralysis (6)
 A - a wand of acid (13)
Scrolls
 l - 3 scrolls of teleportation
 D - a scroll of blinking
Potions
 e - 2 potions of mutation
 r - a potion of heal wounds
 w - 4 potions of curing
 B - 2 potions of flight


   Skills:
 * Level 3.6 Fighting
 - Level 1.2 Short Blades
 * Level 6.0(6.1) Maces & Flails
 * Level 1.2(4.0) Staves
 * Level 4.1 Crossbows
 + Level 1.4 Throwing
 * Level 5.0 Armour
 * Level 4.1 Dodging
 * Level 3.5 Stealth
 * Level 3.0 Spellcasting
 + Level 3.1 Hexes
 * Level 1.0 Invocations
 * Level 2.2 Evocations


You had 13 spell levels left.
You knew the following spells:

 Your Spells              Type           Power      Damage    Failure   Level
a - Slow                  Hex            40%        N/A       26%         1

Your spell library contained the following spells:

 Spells                   Type           Power      Damage    Failure   Level
 Tukima's Dance           Hex            10%        N/A       63%         3
 Animate Skeleton         Necr           2%         N/A       67%         1
 Pain                     Necr           4%         1d4       67%         1
 Corpse Rot               Necr/Air       2%         N/A       82%         2
 Poisonous Vapours        Pois/Air       2%         N/A       82%         2
 Inner Flame              Hex/Fire       5%         N/A       83%         3
 Portal Projectile        Hex/Tloc       10%        N/A       83%         3
 Cause Fear               Hex            5%         N/A       95%         4
 Vampiric Draining        Necr           1%         2d6       96%         3
 Passage of Golubria      Tloc           1%         N/A       100%        4
 Yara's Violent Unravell  Hex/Tmut       2%         3d3       100%        5


Dungeon Overview and Level Annotations

Branches:
Dungeon (9/15)             Temple (1/1) D:5          Bailey (visited)
   Lair: D:8-11         Orc: D:9-12

Altars:
Ashenzari
Cheibriados
Dithmenos
Elyvilon
Fedhas
Gozag
Hepliaklqana
Kikubaaqudgha
Makhleb
Nemelex Xobeh
Okawaru
Qazlal
Ru
Sif Muna
Trog
Uskayaw
Wu Jian
Xom
Yredelemnul
Zin
The Shining One

Annotations:
D:1 exclusion: 2 downstairs
D:2 Natasha
D:4 Robin
D:5 exclusions: downstairs and upstairs


Message History

You hit the fire elemental.
The fire elemental is severely damaged.
The fire elemental closely misses you.
You thump the fire elemental!
The fire elemental is almost destroyed.
The fire elemental hits you. The fire elemental burns you!
The fire elemental closely misses you.
You closely miss the fire elemental.
The fire elemental is almost destroyed.
The fire elemental hits you. The fire elemental burns you!
* * * LOW HITPOINT WARNING * * *
You sock the fire elemental!
You destroy the fire elemental!
The fire elemental disappears in a puff of smoke!
You feel much better.
You barely miss the deep elf pyromancer.
The deep elf pyromancer is heavily wounded.
The deep elf pyromancer barely misses you.
You thump the deep elf pyromancer!
The deep elf pyromancer is severely wounded.
The deep elf pyromancer barely misses you. x2
You completely miss the deep elf pyromancer.
The deep elf pyromancer is severely wounded.
The deep elf pyromancer hits you but does no damage.
You miss the deep elf pyromancer.
The deep elf pyromancer is severely wounded.
The deep elf pyromancer hits you but does no damage.
You hit the deep elf pyromancer.
The deep elf pyromancer is severely wounded.
The deep elf pyromancer points at you and mumbles some strange words.
The sticky flame hits you but does no damage.
You are covered in liquid flames!
You sock the deep elf pyromancer!
The deep elf pyromancer is almost dead.
You are covered in liquid flames!
The deep elf pyromancer points at you and mumbles some strange words.
The bolt of fire hits you!!!
Ouch! That really hurt!
You die...
Your body disappears without additional glow.

# # ##############
##............)
#####...###########
#######........##########
#.....#.###............##
##....(#e####.#.#######.##
......°○#@###...# #.##
##....e###....### #.#
#(.(...#.##### #.#
.(######.## ##.## .# # #.
#.# #.... .#.# #9# #.#
#.... .#.#####.######.#
#....
................#####
#....
....................#
#....


You could see a deep elf pyromancer.

Vanquished Creatures
  Sigmund (D:2)
  3 orc warriors
  A black bear (D:8)
  A necrophage (D:4)
  An ogre (D:3)
  3 centaurs
  2 phantoms
  A wyvern skeleton (D:7)
  2 water moccasin skeletons
  A killer bee (D:6)
  4 wights (D:8)
  A centaur zombie (D:6)
  2 hounds
  A bullfrog skeleton (D:5)
  A jelly (D:7)
  Terence (D:1)
  Natasha (D:2)
  An orc wizard (D:5)
  A hound skeleton (D:4)
  2 howler monkey zombies
  6 gnolls
  6 adders
  A shadow imp (D:6)
  2 white imps
  2 adder skeletons (D:4)
  4 worms
  2 dart slugs (D:3)
  17 orcs
  5 endoplasms
  5 giant cockroaches
  6 hobgoblins
  2 jackals (D:3)
  A quokka (D:1)
  4 ball pythons
  5 bats
  A frilled lizard (D:2)
  19 goblins
  8 kobolds
  6 rats
133 creatures vanquished.

Vanquished Creatures (others)
  An unseen horror (D:7)
1 creature vanquished.

Grand Total: 134 creatures vanquished

Notes
Turn   | Place    | Note
-------+----------+-------------------------------------------
     0 | D:1      | Acheron the Human Arcane Marksman began the quest for the
                  | Orb.
     0 | D:1      | Reached XP level 1. HP: 15/15 MP: 2/2
   319 | D:1      | Reached XP level 2. HP: 6/21 MP: 3/3
  1583 | D:2      | Found a faded altar of an unknown god.
  2218 | D:3      | Reached XP level 3. HP: 21/26 MP: 4/4
  2309 | D:5      | Entered Level 5 of the Dungeon
  2499 | D:2      | Found an ancient bone altar of Kikubaaqudgha.
  2535 | D:2      | Noticed Terence
  2537 | D:2      | Reached skill level 1 in Short Blades
  2587 | D:1      | Killed Terence
  2588 | D:1      | Reached skill level 1 in Armour
  2588 | D:1      | Reached XP level 4. HP: 5/32 MP: 5/5
  3042 | D:1      | Reached skill level 1 in Stealth
  3173 | D:1      | Reached XP level 5. HP: 26/38 MP: 6/6
  3761 | D:3      | Noticed an ogre
  3766 | D:4      | You fall into a shaft and drop 1 floor!
  3791 | D:5      | Reached skill level 1 in Maces & Flails
  3957 | D:4      | Reached XP level 6. HP: 36/44 MP: 6/8
  4010 | D:4      | Found an ancient bone altar of Kikubaaqudgha.
  4153 | D:3      | Killed an ogre
  4154 | D:3      | Reached skill level 2 in Maces & Flails
  4374 | D:2      | Reached skill level 1 in Throwing
  4641 | D:2      | Noticed Natasha
  4649 | D:2      | Killed Natasha
  4659 | D:2      | Reached XP level 7. HP: 43/51 MP: 9/9
  4954 | D:2      | Noticed Sigmund
  4965 | D:2      | Killed Sigmund
  4966 | D:2      | Reached skill level 3 in Maces & Flails
  5055 | D:2      | Noticed Natasha
  5336 | D:3      | Found a burning altar of Makhleb.
  5933 | D:4      | Noticed Robin
  6044 | D:5      | Reached XP level 8. HP: 35/57 MP: 11/11
  6051 | D:5      | Reached skill level 4 in Maces & Flails
  6257 | D:5      | Found a staircase to the Ecumenical Temple.
  6296 | Temple   | Entered the Ecumenical Temple
  6513 | Temple   | Became a worshipper of Nemelex Xobeh the Trickster
  6657 | D:5      | Reached skill level 1 in Evocations
  7460 | D:6      | Reached * piety under Nemelex Xobeh
  7511 | D:7      | Noticed a kobold demonologist
  7511 | D:7      | Noticed a kobold demonologist
  7515 | D:7      | Received a gift from Nemelex Xobeh
  7529 | D:7      | Noticed a sixfirhy
  7529 | D:7      | Noticed a gargoyle
  7532 | D:7      | Noticed a cyclops
  7535 | D:7      | Killed an unseen horror
  7536 | D:7      | Reached skill level 5 in Maces & Flails
  7537 | D:7      | Noticed a red devil
  7687 | D:7      | Found a flagged portal.
  7704 | Bailey   | Entered a bailey
  7785 | Bailey   | Reached XP level 9. HP: 31/64 MP: 12/12
  8238 | D:7      | Noticed a deep elf pyromancer
  8250 | D:7      | Noticed a wizard
  8257 | D:7      | Noticed a sixfirhy
  8551 | D:9      | Received a gift from Nemelex Xobeh
  8792 | D:8      | Reached ** piety under Nemelex Xobeh
  8826 | D:8      | Found a shimmering blue altar of Sif Muna.
  8828 | D:8      | Found a hide-covered altar of Uskayaw.
  9572 | D:6      | Reached skill level 6 in Maces & Flails
  9572 | D:6      | Reached skill level 1 in Staves
  9955 | D:7      | Received a gift from Nemelex Xobeh
 10096 | D:7      | Reached skill level 5 in Armour
 10096 | D:7      | Reached skill level 1 in Invocations
 10116 | D:7      | Killed from afar by a deep elf pyromancer

Illustrated notes

Levels and vault maps discovered:
D:1:      lightli_arrival_farm, layout_basic, roderic_lattice_a,
          minmay_pentomino_s2
D:2:      layout_loops_ring, basic_altar, shapermc_ecumenical_altar_venn,
          wad_orctagon, uniq_sigmund, uniq_natasha, uniq_terence
D:3:      layout_loops_corners, marbit_many_paths,
          minmay_misc_feat_four_crosses, minivault_5, minmay_misc_feat_alley
D:4:      layout_basic, nicolae_kikubaaqudgha_miasma_corner, uniq_robin
D:5:      layout_basic, minmay_temple_entry_purple_smoke, minmay_hedge_maze,
          minmay_manual_monstrance
D:6:      layout_basic, chequers_serial_rivers_room_a
D:7:      layout_loops_ring, enter_bailey_5, minmay_the_grid_2x2
          [minmay_the_grid_tri_star, minmay_the_grid_minigrid_medium,
          minmay_the_grid_empty, minmay_the_grid_prize_four_corners],
          uniq_duvessa, uniq_prince_ribbit1
D:8:      layout_basic, chequers_temple_overflow_statue_of_worship
D:9:      layout_big_octagon, mainiacjoe_overflow_cross_hatched,
          dpeg_oklobed_lair, ebering_ghost_gozag
Temple:   minmay_crystal_spiral_temple

Skill      XL: |  1  2  3  4  5  6  7  8  9 |
---------------+----------------------------+-----
Short Blades   | 1 |  1.2
Armour         | 1 2 4 5 |  5.0
Stealth        | 1 2 3 |  3.5
Maces & Flails | 1 2 3 5 6 |  6.0
Fighting       | 2 3 |  3.6
Throwing       | 1 |  1.4
Dodging        | 3 4 |  4.1
Crossbows      | 3 4 |  4.1
Spellcasting   | 2 3 |  3.0
Evocations     | 1 2 |  2.2
Staves         | 1 |  1.2
Invocations    | 1 |  1.0
Hexes          | |  3.1

Action                   |  1- 3 |  4- 6 |  7- 9 || total
-------------------------+-------+-------+-------++-------
Melee: Dagger            |    54 |       |       ||    54
       Flail             |    24 |   153 |   300 ||   477
       Punch             |     1 |     2 |     8 ||    11
 Fire: Hand crossbow     |    11 |       |    14 ||    25
Invok: Draw Destruction  |       |       |     2 ||     2
       Draw Escape       |       |       |     1 ||     1
Evoke: Wand              |       |       |     2 ||     2
  Use: Scroll            |     2 |       |    13 ||    15
       Potion            |       |       |     6 ||     6
Armor: Scale mail        |     4 |    78 |   171 ||   253
       Leather armour    |    14 |       |       ||    14
Dodge: Dodged            |    52 |    84 |   201 ||   337
